 Dungeon Crawl Stone Soup version 0.31.0-9-g3a7656b989 (webtiles) character file.

Game seed: 13857265650624429930

5090 qw the Skirmisher (level 10, -19/50 HPs)
             Began as a Spriggan Hunter on Feb 2, 2024.
             Was an Elder of Okawaru.
             Killed from afar by a lightning spire (24 damage)
             ... with a bolt of electricity
             ... in a Gauntlet.
             The game lasted 00:00:32 (6401 turns).

qw the Skirmisher (Spriggan Hunter)                 Turns: 6401, Time: 00:00:33

Health: -19/50     AC:  8    Str:  7    XL:     10   Next: 32%
Magic:  10/15      EV: 21    Int: 10    God:    Okawaru [****..]
Gold:   213        SH:  5    Dex: 24    Spells: 9/9 levels left

rFire   . . .        f - +2 arbalest (flame)
rCold   . . .        (shield currently unavailable)
rNeg    . . .        l - +0 swamp dragon scales
rPois   +            a - +1 hat {Stlth+}
rElec   .            p - scarf {repulsion}
rCorr   .            (gloves unavailable)
SInv    +            (boots unavailable)
Will    ++...        r - amulet of reflection
Stlth   +++          b - +4 ring of slaying {mikee}
HPRegen 0.28/turn    c - ring of willpower
MPRegen 0.14/turn

%: no teleportation, repel missiles, reflection
@: finesse-ful, very quick
A: very small, no large weapons, unfitting armour, see invisible, speed 3
a: Renounce Religion, Heroism, Finesse


You were in a Gauntlet.
You worshipped Okawaru.
Okawaru was greatly pleased with you.
You visited 1 branch of the dungeon, and saw 9 of its levels.
You also visited: Gauntlet.

You collected 402 gold pieces.
You spent 189 gold pieces at shops.


Innate Abilities, Weirdness & Mutations

You are very small and have problems with some larger weapons.
You are too small for most types of armour.
You have supernaturally acute eyesight. (SInv)
You cover ground extremely quickly. (Speed+++)


   Skills:
 - Level 4.2 Fighting
 - Level 12.0 Ranged Weapons
 - Level 1.1 Armour
 + Level 9.1 Dodging
 - Level 1.5 Stealth
 + Level 5.7 Invocations


You had 9 spell levels left.
You didn't know any spells.
Your spell library was empty.

Inventory:

Hand Weapons
 f - a +2 arbalest of flaming (weapon)
Armour
 a - a +1 hat of stealth (worn)
 i - a +2 robe of fire resistance
 l - +0 swamp dragon scales (worn)
 p - a scarf of repulsion (worn)
Jewellery
 b - a +4 ring of slaying (left hand) {mikee}
 c - a ring of willpower (right hand)
 r - an amulet of reflection (around neck)
Wands
 k - a wand of roots (5)
Scrolls
 e - 3 scrolls of teleportation
Potions
 d - 2 potions of cancellation
 g - 3 potions of heal wounds
 h - 3 potions of curing
 m - a potion of invisibility {unknown}
 n - a potion of resistance
 o - a potion of haste {unknown}
 s - a potion of experience {unknown}

Dungeon Overview and Level Annotations

Branches:
Dungeon (11/15)            Temple (0/1) D:7         Gauntlet (1/1)
   Lair: D:8-11         Orc: D:9-12

Altars:
Ashenzari
Elyvilon
Hepliaklqana
Kikubaaqudgha
Okawaru
Zin

Shops:
D:5 *   D:8 [

Annotations:
D:3 2 transporters
D:4 3 runed translucent doors, qw's ghost, amateur DgHu Gauntlet 11 transporters


Message History

The death yak bellows!
Found a pair of translucent gloves.
The necromancer shouts!
Found 5 stones.
The death yak bellows!
You hear a bellow! x2
There is a transporter here.
The death yak bellows! x2
The raiju barks!
Found a short sword.
Found a pair of crude boots.
Enter note:
Enter note: Partly explored, unvisited transporter.
Partly explored, unvisited transporter.
There is a transporter here.
Partly explored, unvisited transporter.
You enter the transporter and appear at another place.
6399 ||| INVOKING Finesse.
You can now deal lightning-fast blows.
You can no longer enter into single combat with a foe.
Okawaru will no longer gift you throwing weapons.
The raiju bursts into living lightning!
The living lightning hits the lightning spire.
The lightning spire completely resists.
The living lightning misses you.
The raiju blinks! x2
The lightning spire shoots out a bolt of lightning at you!
The bolt of electricity hits the raiju.
The raiju completely resists.
The bolt of electricity hits you!
You shoot a bolt. The bolt hits the raiju.
The bolt burns the raiju.
The raiju is lightly wounded.
The raiju bursts into living lightning!
The living lightning misses you.
The raiju blinks!
The lightning spire shoots out a bolt of lightning at you!
The bolt of electricity hits you!!
You shoot a bolt. The bolt hits the raiju!!
The bolt burns the raiju.
The raiju is severely wounded.
The raiju bites you. The raiju shocks you!
The lightning spire shoots out a bolt of lightning at you!
The bolt of electricity hits you!!
You die...

##...##x.##xx#####..##.##..#
#~...#.xXx##X#...#.##...##.#
##.¤.#########...#.........#
#~...............###########
##.8.....8.....8............
##.....................8.....
#¤¤..###########.............
##¤..#.....h...#...#########.
#~.\.#.#....@#.#...#244....#.
##...#..##.##¤!#######.###.#.
#¤...#..##.##..#...##...#.(#.
##.8¤#..#.^.#8^#^.^##.#^#.^#.
#~...#..##.##.)#...#..#...?#.
##...#..##.##.=#####.###.#=#.
#~.\.#.#.....#.#...#.......#.
##...#........¤#...#########.
#~...###########.............


You could see a lightning spire, 2 large abominations, a raiju and 2 small
abominations.

Vanquished Creatures
  Gastronok (D:8)
  Maggie (D:6)
  A hornet (D:11)
  2 vampire mosquitoes (D:11)
  Edmund (D:5)
  An acid dragon (D:11)
  A water moccasin (D:4)
  An orc warrior (D:11)
  A black bear (D:5)
  3 ice beasts
  A sky beast (D:8)
  2 ogres
  A centaur (D:6)
  2 phantoms
  A kobold brigand (D:8)
  Blork the orc (D:4)
  A gnoll sergeant (D:8)
  3 scorpions
  2 bullfrogs
  8 wights
  3 howler monkeys (D:8)
  3 bombardier beetles
  2 hounds
  A jelly (D:6)
  7 orc priests
  3 sleepcaps
  Jessica (D:3)
  Terence (D:3)
  3 iguanas
  4 orc wizards
  Natasha (twice) (D:3)
  8 adders
  9 gnolls
  A shadow imp (D:6)
  A white imp (D:6)
  2 ufetubi (D:6)
  A ribbon worm (D:4)
  5 dart slugs
  15 orcs
  5 endoplasms
  2 giant cockroaches
  7 goblins
  12 hobgoblins
  6 jackals
  5 quokkas
  13 ball pythons
  5 bats
  A frilled lizard (D:2)
  13 kobolds
  8 rats
184 creatures vanquished.

Notes
Turn   | Place    | Note
-------+----------+-------------------------------------------
     0 | D:1      | qw the Spriggan Hunter began the quest for the Orb.
     0 | D:1      | Reached XP level 1. HP: 10/10 MP: 2/2
     0 | D:1      | 0 ||| qw: Version: 0.3-a-155-g5e7d8dd
     0 | D:1      | 0 ||| qw: Game counter: 2070
     0 | D:1      | 0 ||| qw: Melee chars always use a shield: true
     0 | D:1      | 0 ||| qw: God list: Okawaru
     0 | D:1      | 0 ||| qw: Allow faded altars: false
     0 | D:1      | 0 ||| qw: Do Orc after clearing Dungeon:15 true
     0 | D:1      | 0 ||| qw: Do second Lair branch before Depths: true
     0 | D:1      | 0 ||| qw: Lair rune preference: random
     0 | D:1      | 0 ||| qw: Goals: Normal
     0 | D:1      | 0 ||| PLANNING D:1-11
   109 | D:1      | Reached skill level 3 in Dodging
   200 | D:1      | Reached XP level 2. HP: 14/14 MP: 3/3
   323 | D:1      | 323 ||| SWAPPING to +0 arbalest.
   326 | D:1      | 326 ||| DROPPING +0 shortbow.
   495 | D:1      | Reached XP level 3. HP: 18/18 MP: 4/4
   630 | D:1      | 630 ||| READING scroll labelled DORIFODWUE.
   630 | D:1      | 630 ||| ENCHANTING +0 arbalest.
   631 | D:1      | 631 ||| READING scroll labelled QUUKYTE YSAMYRR.
   632 | D:1      | 632 ||| READING 2 scrolls labelled VUSTRUTOEJU.
   636 | D:1      | 636 ||| READING scroll labelled PUJIKYSHROSK.
   637 | D:1      | 637 ||| DROPPING scroll of butterflies.
   858 | D:2      | Reached skill level 5 in Ranged Weapons
   867 | D:2      | 867 ||| FLEEEEING.
   868 | D:2      | 868 ||| FLEEEEING.
   870 | D:2      | 870 ||| FLEEEEING.
   871 | D:2      | 871 ||| FLEEEEING.
   872 | D:2      | 872 ||| FLEEEEING.
   873 | D:2      | 873 ||| FLEEEEING.
   875 | D:2      | 875 ||| FLEEEEING.
   876 | D:2      | 876 ||| FLEEEEING.
   877 | D:2      | 877 ||| FLEEEEING.
   878 | D:2      | 878 ||| FLEEEEING.
   879 | D:2      | 879 ||| FLEEEEING.
   880 | D:2      | 880 ||| FLEEEEING.
   881 | D:2      | 881 ||| FLEEEEING.
   882 | D:2      | 882 ||| FLEEEEING.
   883 | D:2      | 883 ||| FLEEEEING.
   884 | D:2      | 884 ||| FLEEEEING.
   885 | D:2      | 885 ||| FLEEEEING.
   886 | D:2      | 886 ||| FLEEEEING.
   887 | D:2      | 887 ||| FLEEEEING.
   891 | D:2      | 891 ||| FLEEEEING.
   892 | D:2      | 892 ||| FLEEEEING.
   893 | D:2      | 893 ||| FLEEEEING.
   894 | D:2      | 894 ||| FLEEEEING.
   895 | D:2      | 895 ||| FLEEEEING.
   896 | D:2      | 896 ||| FLEEEEING.
   897 | D:2      | 897 ||| FLEEEEING.
   898 | D:2      | 898 ||| FLEEEEING.
   899 | D:2      | 899 ||| FLEEEEING.
   900 | D:2      | 900 ||| FLEEEEING.
   901 | D:2      | 901 ||| FLEEEEING.
   902 | D:2      | 902 ||| FLEEEEING.
   906 | D:2      | 906 ||| FLEEEEING.
   907 | D:2      | 907 ||| FLEEEEING.
   908 | D:2      | 908 ||| FLEEEEING.
   910 | D:2      | 910 ||| FLEEEEING.
   911 | D:2      | 911 ||| FLEEEEING.
   912 | D:2      | 912 ||| FLEEEEING.
   913 | D:2      | 913 ||| FLEEEEING.
   914 | D:2      | 914 ||| FLEEEEING.
   915 | D:2      | 915 ||| FLEEEEING.
   916 | D:2      | 916 ||| FLEEEEING.
   917 | D:2      | 917 ||| FLEEEEING.
   918 | D:2      | 918 ||| FLEEEEING.
   919 | D:2      | 919 ||| FLEEEEING.
   920 | D:2      | 920 ||| FLEEEEING.
   921 | D:2      | 921 ||| FLEEEEING.
   922 | D:2      | 922 ||| FLEEEEING.
   923 | D:2      | 923 ||| FLEEEEING.
   927 | D:2      | 927 ||| FLEEEEING.
   928 | D:2      | 928 ||| FLEEEEING.
   929 | D:2      | 929 ||| FLEEEEING.
   930 | D:2      | 930 ||| FLEEEEING.
   931 | D:2      | 931 ||| FLEEEEING.
   932 | D:2      | 932 ||| FLEEEEING.
   933 | D:2      | 933 ||| STAIRDANCE
   942 | D:1      | 942 ||| UPGRADING to amulet of the acrobat.
   947 | D:1      | 947 ||| UPGRADING to +4 ring of slaying {mikee}.
  1006 | D:2      | Reached XP level 4. HP: 22/22 MP: 5/5
  1355 | D:2      | 1355 ||| READING scroll of identify.
  1355 | D:2      | 1355 ||| IDENTIFYING ruby potion
  1356 | D:2      | 1356 ||| READING scroll labelled SEPAEB XEDWE.
  1418 | D:3      | Noticed Natasha
  1420 | D:3      | Killed Natasha
  1556 | D:3      | Noticed Terence
  1558 | D:3      | Killed Terence
  1561 | D:3      | Found a transporter.
  1646 | D:3      | Found a transporter.
  1649 | D:3      | 1649 ||| READING scroll labelled NESUIT ADOS.
  1812 | D:3      | Reached XP level 5. HP: 26/26 MP: 6/6
  1857 | D:3      | Found an ancient bone altar of Kikubaaqudgha.
  1927 | D:3      | Noticed Natasha
  1931 | D:3      | Killed Natasha
  1962 | D:3      | Noticed Jessica
  1965 | D:3      | Killed Jessica
  1976 | D:3      | Found an iron altar of Okawaru.
  1977 | D:3      | 1977 ||| PLANNING OKAWARU WORSHIP
  1977 | D:3      | 1977 ||| UPGRADING to +1 robe of fire resistance.
  1987 | D:3      | 1987 ||| DROPPING +0 robe.
  1995 | D:3      | Became a worshipper of Warmaster Okawaru
  1996 | D:3      | 1996 ||| PLANNING D:1-11
  2147 | D:4      | Reached skill level 6 in Ranged Weapons
  2157 | D:4      | Found a broken altar of Ashenzari.
  2220 | D:4      | Reached skill level 6 in Dodging
  2220 | D:4      | Reached XP level 6. HP: 21/30 MP: 7/7
  2315 | D:4      | Noticed qw's ghost (amateur DgHu)
  2328 | D:4      | Found a runed translucent gate.
  2328 | D:4      | Found a runed translucent gate.
  2328 | D:4      | Found a runed translucent gate.
  2332 | D:4      | Reached * piety under Okawaru
  2364 | D:4      | Reached skill level 1 in Invocations
  2396 | D:4      | Reached XP level 7. HP: 35/35 MP: 7/9
  2398 | D:4      | Reached skill level 7 in Ranged Weapons
  2566 | D:4      | Noticed Blork the orc
  2569 | D:4      | Killed Blork the orc
  2713 | D:4      | Reached ** piety under Okawaru
  2714 | D:4      | Reached skill level 3 in Invocations
  2994 | D:4      | 2994 ||| UPGRADING to ring of willpower.
  2995 | D:4      | 2995 ||| READING scroll of identify.
  2995 | D:4      | 2995 ||| IDENTIFYING glowing amethyst potion
  3013 | D:5      | Entered Level 5 of the Dungeon
  3055 | D:5      | Found Lefan's CLEARANCE SALE!.
  3069 | D:5      | 3069 ||| INVOKING Heroism.
  3117 | D:5      | Noticed Edmund
  3127 | D:5      | Killed Edmund
  3128 | D:5      | Reached XP level 8. HP: 27/39 MP: 10/12
  3221 | D:5      | Reached skill level 8 in Ranged Weapons
  3910 | D:5      | 3910 ||| READING 2 scrolls of identify.
  3910 | D:5      | 3910 ||| IDENTIFYING fuming dark potion
  3911 | D:5      | 3911 ||| READING scroll of identify.
  3911 | D:5      | 3911 ||| IDENTIFYING scroll labelled ENKIESM VUFRISI
  3912 | D:5      | 3912 ||| READING scroll labelled ZUSIZA UGOBAOT.
  3912 | D:5      | 3912 ||| ENCHANTING +1 robe of fire resistance.
  3913 | D:5      | 3913 ||| DROPPING scroll of noise.
  4105 | D:6      | Noticed Maggie
  4106 | D:6      | 4106 ||| INVOKING Heroism.
  4110 | D:6      | Killed Maggie
  4205 | D:6      | Found a hazy altar of Hepliaklqana.
  4444 | D:6      | Reached *** piety under Okawaru
  4546 | D:6      | Reached XP level 9. HP: 35/45 MP: 13/13
  4560 | D:6      | 4560 ||| FLEEEEING.
  4564 | D:6      | 4564 ||| FLEEEEING.
  4565 | D:6      | 4565 ||| FLEEEEING.
  4566 | D:6      | 4566 ||| FLEEEEING.
  4567 | D:6      | 4567 ||| FLEEEEING.
  4568 | D:6      | 4568 ||| FLEEEEING.
  4569 | D:6      | 4569 ||| FLEEEEING.
  4570 | D:6      | 4570 ||| FLEEEEING.
  4571 | D:6      | 4571 ||| FLEEEEING.
  4572 | D:6      | 4572 ||| FLEEEEING.
  4573 | D:6      | 4573 ||| FLEEEEING.
  4574 | D:6      | 4574 ||| FLEEEEING.
  4579 | D:6      | 4579 ||| STAIRDANCE
  4673 | D:5      | 4673 ||| UPGRADING to +0 swamp dragon scales.
  4683 | D:5      | 4683 ||| READING scroll labelled XYECKI BOYNE.
  4683 | D:5      | 4683 ||| BRANDING +1 arbalest.
  4684 | D:5      | 4684 ||| DRINKING 2 black potions.
  4685 | D:5      | 4685 ||| DROPPING potion of attraction.
  4914 | D:7      | 4914 ||| READING scroll of enchant weapon.
  4914 | D:7      | 4914 ||| ENCHANTING +1 arbalest of flaming.
  4954 | D:7      | Found a staircase to the Ecumenical Temple.
  4972 | D:7      | Reached skill level 1 in Armour
  4976 | D:7      | Reached skill level 9 in Ranged Weapons
  5474 | D:7      | 5474 ||| UPGRADING to amulet of regeneration.
  5484 | D:7      | 5484 ||| DROPPING amulet of the acrobat.
  5485 | D:7      | 5485 ||| READING scroll labelled IPHIHE GEMME.
  5486 | D:7      | 5486 ||| DRINKING 2 smoky grey potions.
  5517 | D:8      | Found a glowing silver altar of Zin.
  5519 | D:8      | Identified the +7 mace "Kopnumm" {freeze, rC+}
  5530 | D:8      | Noticed Gastronok
  5531 | D:8      | 5531 ||| INVOKING Heroism.
  5534 | D:8      | Reached skill level 10 in Ranged Weapons
  5543 | D:8      | Killed Gastronok
  5543 | D:8      | Reached **** piety under Okawaru
  5544 | D:8      | Reached skill level 11 in Ranged Weapons
  5582 | D:8      | Found a white marble altar of Elyvilon.
  5634 | D:8      | Reached XP level 10. HP: 50/50 MP: 14/14
  5647 | D:8      | 5647 ||| RETREEEEATING.
  5649 | D:8      | 5649 ||| RETREEEEATING.
  5651 | D:8      | 5651 ||| RETREEEEATING.
  5653 | D:8      | 5653 ||| RETREEEEATING.
  5655 | D:8      | 5655 ||| RETREEEEATING.
  5657 | D:8      | 5657 ||| RETREEEEATING.
  5659 | D:8      | 5659 ||| RETREEEEATING.
  5669 | D:8      | Reached skill level 9 in Dodging
  5741 | D:8      | Found Myufra's Antique Armour Shop.
  5750 | D:8      | 5750 ||| BUYING glowing hat (189 gold).
  5750 | D:8      | Bought a glowing hat for 189 gold pieces
  6006 | D:8      | You fall into a shaft and drop 3 floors!
  6025 | D:11     | 6025 ||| PLANNING GAUNTLET
  6030 | D:11     | 6030 ||| RETREEEEATING.
  6031 | D:11     | 6031 ||| RETREEEEATING.
  6041 | D:11     | 6041 ||| RETREEEEATING.
  6042 | D:11     | 6042 ||| RETREEEEATING.
  6044 | D:11     | 6044 ||| RETREEEEATING.
  6045 | D:11     | 6045 ||| RETREEEEATING.
  6046 | D:11     | 6046 ||| RETREEEEATING.
  6047 | D:11     | Reached ***** piety under Okawaru
  6080 | D:11     | Reached skill level 12 in Ranged Weapons
  6165 | D:11     | Found a gate leading to a gauntlet.
  6166 | D:11     | 6166 ||| UPGRADING to +1 hat of stealth.
  6171 | D:11     | 6171 ||| UPGRADING to scarf of repulsion.
  6176 | D:11     | 6176 ||| DROPPING +1 hat.
  6177 | D:11     | 6177 ||| UPGRADING to amulet of reflection.
  6187 | D:11     | 6187 ||| DROPPING amulet of regeneration.
  6188 | D:11     | 6188 ||| READING scroll labelled ALYIPP GAIRASU.
  6189 | D:11     | 6189 ||| DRINKING 2 fizzy clear potions.
  6212 | D:11     | 6212 ||| DROPPING potion of lignification.
  6224 | Gauntlet | Entered a Gauntlet
  6224 | Gauntlet | Found a transporter.
  6227 | Gauntlet | Found a transporter.
  6230 | Gauntlet | Noticed a large abomination
  6238 | Gauntlet | Noticed a large abomination
  6241 | Gauntlet | Found a transporter.
  6244 | Gauntlet | Found a transporter.
  6260 | Gauntlet | Found a transporter.
  6261 | Gauntlet | Noticed an orange crystal statue
  6273 | Gauntlet | Noticed a blizzard demon
  6274 | Gauntlet | Found a transporter.
  6283 | Gauntlet | Noticed a death yak
  6284 | Gauntlet | Noticed a death yak
  6286 | Gauntlet | Noticed a death yak
  6286 | Gauntlet | Noticed a death yak
  6287 | Gauntlet | Found a transporter.
  6287 | Gauntlet | Noticed a torpor snail
  6304 | Gauntlet | Found a transporter.
  6308 | Gauntlet | Found a transporter.
  6313 | Gauntlet | Noticed a necromancer
  6319 | Gauntlet | Found a transporter.
  6324 | Gauntlet | Noticed a death yak
  6325 | Gauntlet | Noticed a death yak
  6329 | Gauntlet | Noticed a death yak
  6330 | Gauntlet | Noticed a death yak
  6331 | Gauntlet | Noticed a death yak
  6345 | Gauntlet | Found a transporter.
  6345 | Gauntlet | Found a transporter.
  6345 | Gauntlet | Noticed a lightning spire
  6399 | Gauntlet | 6399 ||| INVOKING Finesse.
  6401 | Gauntlet | HP: 12/50 [raiju (4)]
  6401 | Gauntlet | HP: 5/50 [raiju (7)]
  6401 | Gauntlet | Killed from afar by a lightning spire

Levels and vault maps discovered:
D:1:      lemuel_arrival_tunnels, layout_basic
D:2:      layout_loops_ring, minmay_misc_feat_rows
D:3:      gammafunk_steamed_eel, layout_basic, okawaru_trees_1,
          mainiacjoe_overflow_chevrons, kennysheep_generic_room_11,
          uniq_natasha, uniq_terence, uniq_jessica
D:4:      layout_basic, cheibrodos_ashenzari_chains, gammafunk_ghost_split,
          dreamdust_princess_corridor, minmay_manual_mullet, uniq_blork_the_orc
D:5:      layout_loops_corners, small_statue_alley_b, nicolae_shop_clearance,
          uniq_edmund
D:6:      layout_loops_cross, kennysheep_little_box, uniq_maggie
D:7:      layout_loops_ring, minmay_temple_entry_offerings, minmay_diced_spiral
D:8:      layout_rooms, elyvilon_altar_3, nicolae_ru_path_of_blood,
          mainiacjoe_overflow_concentric_impassable, serial_shops, shop,
          hangedman_decor_clover_reticule, uniq_gastronok
D:11:     layout_long_grid, erik_orc_3, gauntlet_entry_generic
Gauntlet: minmay_gauntlet_mixed_oops_all_seconds [minmay_gauntlet_arena_77_fan,
          nicolae_gauntlet_arena_blocks, minmay_gauntlet_arena_77_p_blocks,
          gammafunk_gauntlet_arena_split_x,
          minmay_gauntlet_arena_77_broken_ladder,
          gammafunk_gauntlet_arena_chambers, gauntlet_exit_green]

Skill      XL: |  1  2  3  4  5  6  7  8  9 10 |
---------------+-------------------------------+-----
Dodging        | 3 4 5 6 7 8 9 |  9.1
Ranged Weapons | 5 6 7 8 11 12 | 12.0
Fighting       | 2 4 |  4.2
Invocations    | 1 4 5 |  5.7
Armour         | 1 |  1.1
Stealth        | |  1.5

Action                     |  1- 3 |  4- 6 |  7- 9 | 10-12 || total
---------------------------+-------+-------+-------+-------++-------
   Fire: Shortbow          |    46 |       |       |       ||    46
         Arbalest          |    54 |    76 |   169 |    64 ||   363
 Invoke: Heroism           |       |       |     3 |       ||     3
         Finesse           |       |       |       |     1 ||     1
    Use: Scroll            |     4 |     3 |     7 |     1 ||    15
         Potion            |       |       |     2 |     1 ||     3
 Armour: Robe              |    17 |     4 |    11 |       ||    32
         Swamp dragon scal |       |       |     7 |    28 ||    35
  Dodge: Dodged            |    48 |    23 |    74 |    70 ||   215

Table legend:
 A = Non-vault XP
 B = Vault XP
 C = Vault XP percentage of total XP
 D = Non-vault monster count
 E = Vault monster count
 F = Vault count percentage of total count
                 A         B        C        D         E       F
            +---------+---------+-------+---------+---------+-------
      Total |    4814 |    2458 |  33.8 |     168 |      16 |   8.7
            +---------+---------+-------+---------+---------+-------
        D:1 |      56 |       0 |   0.0 |      32 |       0 |   0.0
        D:2 |      48 |       0 |   0.0 |      22 |       0 |   0.0
        D:3 |     123 |     106 |  46.3 |      16 |       3 |  15.8
        D:4 |     680 |     102 |  13.0 |      26 |       6 |  18.8
        D:5 |     639 |     178 |  21.8 |      10 |       1 |   9.1
        D:6 |     624 |     389 |  38.4 |      18 |       1 |   5.3
        D:7 |     572 |     233 |  28.9 |      12 |       4 |  25.0
        D:8 |     990 |    1450 |  59.4 |      20 |       1 |   4.8
       D:11 |    1082 |       0 |   0.0 |      12 |       0 |   0.0
            +---------+---------+-------+---------+---------+-------
